 Dungeon Crawl Stone Soup version 0.25.0-9-g26727b657a (webtiles) character file.

Game seed: 9052106268808419972

8085 Esekla the Carver (level 11, -2/72 HPs)
             Began as an Octopode Air Elementalist on June 17, 2020.
             Was an Initiate of Gozag.
             Slain by a death yak (28 damage)
             ... in a Gauntlet on June 18, 2020.
             The game lasted 02:12:36 (14811 turns).

Esekla the Carver (Octopode Air Elementalist)      Turns: 14811, Time: 02:12:37

Health: -2/72      AC: 11    Str: 13    XL:     11   Next: 25%
Magic:  17/20      EV: 16    Int: 27    God:    Gozag
Gold:   221        SH:  5    Dex: 12    Spells: 10/23 levels left

rFire    . . .     SeeInvis +   a - +0 scimitar
rCold    . . .     Gourm    .   (no shield)
rNeg     . . .     Faith    .   q - +2 hat
rPois    +         Spirit   .   F - amulet of reflection
rElec    +         Reflect  +   j - ring of stealth
rCorr    .         Harm     .   k - ring of see invisible
MR       .....     NoTele   +   B - +4 ring of protection
Stlth    ++++......             C - ring of Qely {*Drain rElec Str+5 Stlth-}
HPRegen  0.22/turn              G - +6 ring of intelligence
MPRegen  0.17/turn              m - +4 ring of protection
                                d - ring of poison resistance
                                (no ring)

@: berserk cooldown, slowed, very slow
A: almost no armour, stealthy swim, amphibious, 8 rings, constrict 8, camouflage
1, screaming 1, gelatinous body 1
a: Potion Petition, Call Merchant, Bribe Branch, Renounce Religion


You were in a Gauntlet.
You worshipped Gozag.
Gozag was aware of your devotion.
You were not hungry.

You visited 2 branches of the dungeon, and saw 12 of its levels.
You also visited: Ossuary and Gauntlet.

You collected 2673 gold pieces.
You spent 1371 gold pieces at shops.
You paid 1081 gold pieces to Gozag.

Inventory:

Hand Weapons
 a - a +0 scimitar (weapon)
 f - a +2 hand axe of electrocution
 s - a +0 short sword
Missiles
 g - 3 silver javelins
 h - 37 poisoned darts (quivered)
 i - 4 javelins
 M - 6 curare-tipped darts
 P - 6 boomerangs
Armour
 q - a +2 hat (worn)
 I - a +0 buckler
Jewellery
 d - a ring of poison resistance (on tentacle)
 j - a ring of stealth (left tentacle)
 k - a ring of see invisible (right tentacle)
 m - a +4 ring of protection (on tentacle)
 B - a +4 ring of protection (on tentacle)
 C - the ring of Qely (on tentacle) {*Drain rElec Str+5 Stlth-}
   (You bought it in a shop on level 5 of the Dungeon)

   [ring of attention]

   It affects your strength (+5).
   It insulates you from electricity.
   It causes draining when unequipped.
   It makes you less stealthy.
 F - an amulet of reflection (around mantle)
 G - a +6 ring of intelligence (on tentacle)
 K - an uncursed amulet of regeneration
 L - an uncursed amulet of magic regeneration
Wands
 r - a wand of flame (23)
 J - a wand of clouds (7)
Scrolls
 c - a scroll of silence
 e - a scroll of fog
 n - 7 scrolls of remove curse
 p - 2 scrolls of enchant weapon
 y - a scroll of blinking
 z - 2 scrolls of enchant armour
 H - a scroll of vulnerability {unknown}
 N - 2 scrolls of immolation {unknown}
Potions
 l - a potion of curing
 o - 2 potions of flight
 t - a potion of might
 u - a potion of heal wounds
 v - 2 potions of mutation
 w - a potion of magic
 x - a potion of stabbing
 E - a potion of brilliance
 O - a potion of invisibility
Miscellaneous
 A - a box of beasts
Comestibles
 b - 12 rations


   Skills:
 + Level 5.8 Fighting
 + Level 3.2(6.0) Short Blades
 * Level 8.0(8.3) Long Blades
 + Level 2.3 Throwing
 * Level 5.9 Dodging
 - Level 6.4 Stealth
 * Level 3.2 Shields
 * Level 6.5 Spellcasting
 + Level 5.5 Conjurations
 + Level 4.2 Charms
 * Level 1.0 Necromancy
 + Level 4.8 Air Magic


You had 10 spell levels left.
You knew the following spells:

 Your Spells              Type           Power        Failure   Level  Hunger
a - Airstrike             Air            ####......   9%          4    ###....
d - Static Discharge      Conj/Air       #####...     2%          3    None
e - Shock                 Conj/Air       ####         1%          1    None
v - Vampiric Draining     Necr           ##........   12%         3    None
w - Swiftness             Chrm/Air       ####....     1%          2    None

Your spell library contained the following spells:

 Spells                   Type           Power        Failure   Level  Hunger
 Animate Skeleton         Necr           N/A          4%          1    None
 Pain                     Necr           ##..         4%          1    None
 Corona                   Hex            #......      6%          1    None
 Slow                     Hex            #.......     10%         2    None
 Confusing Touch          Hex            #.......     19%         3    None
 Gell's Gravitas          Tloc           #.........   19%         3    None
 Ignite Poison            Fire/Tmut/Pois #.......     19%         3    None
 Inner Flame              Hex/Fire       #.......     19%         3    None
 Portal Projectile        Hex/Tloc       #.....       19%         3    None
 Lightning Bolt           Conj/Air       #####.....   21%         5    #####..
 Animate Dead             Necr           N/A          36%         4    ###....
 Fireball                 Conj/Fire      ###.......   50%         5    #####..
 Cause Fear               Hex            #.........   52%         4    ###....
 Leda's Liquefaction      Hex/Erth       #.........   52%         4    ###....
 Petrify                  Tmut/Erth      #.......     52%         4    ###....
 Agony                    Necr           ##......     73%         5    #####..
 Metabolic Englaciation   Hex/Ice        #.........   86%         5    #####..
 Yara's Violent Unravell  Hex/Tmut       #.........   86%         5    #####..
 Starburst                Conj/Fire      ###.......   97%         6    ######.
 Ring of Flames           Chrm/Fire      ###.......   100%        7    #######
 Ignition                 Fire           #.........   100%        8    #######


Dungeon Overview and Level Annotations

Branches:
Dungeon (11/15)            Temple (1/1) D:4             Orc (0/2) D:10
Ossuary (visited)         Gauntlet (1/1)
   Lair: D:8-11

Altars:
Dithmenos
Elyvilon
Fedhas
Gozag
Nemelex Xobeh
Okawaru
Sif Muna
Vehumet
Xom
Zin
The Shining One

Shops:
D:5 =   D:7 ?   D:11 =

Annotations:
D:2 Robin
D:4 4 runed translucent doors Gauntlet 7 transporters, 1 runed translucent door


Innate Abilities, Weirdness & Mutations

You cannot wear most types of armour.
You are very stealthy in the water. (Stealth+)
You are amphibious.
You can wear up to eight rings at the same time.
You can use your tentacles to constrict eight enemies at once.
Your skin changes colour to match your surroundings (Stealth+).
Your rubbery body absorbs attacks. (AC +1, EV +1)
You occasionally shout uncontrollably at your foes.


Message History

Confirm with . or Enter, or press ? or * to list all spells.
Aiming: Vampiric Draining (dangerous; 12% risk of failure)
Press: ? - help, Shift-Dir - straight line, f/p - death yak
Aim: a death yak (severely wounded)
The death yak is almost dead.
You feel life coursing into your body.
The death yak's soul is no longer bound.
The death yak gores you! Magic courses through your body.
The death yak barely misses you. The death yak gores you!
* * * LOW HITPOINT WARNING * * *
Casting: Vampiric Draining (dangerous; 12% risk of failure)
Confirm with . or Enter, or press ? or * to list all spells.
Aiming: Vampiric Draining (dangerous; 12% risk of failure)
Press: ? - help, Shift-Dir - straight line, f/p - death yak
Aim: a death yak (almost dead)
The death yak is almost dead.
You feel life coursing into your body. The death yak gores you!!
You die...
Your body crumbles into a pile of gold.

########.©..©.#########
§#≈#≈#§########§#§#≈#§###
.....§§.............§..≈#
.....§.....∩...........##
##########..#########..§#
)[#.©.#.W#..####©####..##
#P.#.#..##..###Y!:###..≈#
.#P.#..#W#..#.ZY##..#..##
..#P.P#WW#..#.Y#@#..#..≈#
#P.#P#.W##..#..##+..#..##
.#P.#.P#.#..###...###..≈#
..#P©P#..#..###...###..##
...#P#...#..#########..≈#
....#....#.....#©#.....##
##########.....#©#.....≈#
...#©#......#########..##
...#©#......#...©...#.§§#


You could see 3 death yaks and a death yak simulacrum.

Vanquished Creatures
  A death yak (Gauntlet)
  A necromancer (Gauntlet)
  A shining eye (Gauntlet)
  A manticore (D:8)
  Prince Ribbit (D:5)
  A raiju (Gauntlet)
  Sigmund (D:5)
  A spriggan (D:9)
  A steam dragon (Gauntlet)
  3 water moccasins
  2 porcupines (D:10)
  A floating eye (Gauntlet)
  3 orc warriors
  3 black bears
  2 ice beasts
  4 ogres
  2 sky beasts
  An eye of draining (D:4)
  2 centaurs
  2 big kobolds
  Blork the orc (D:6)
  9 bullfrogs
  2 gnoll sergeants
  A scorpion (D:5)
  5 killer bees (D:10)
  2 howler monkeys (D:7)
  2 wights
  2 bullfrog zombies
  8 hounds
  2 centaur skeletons (D:7)
  3 jellies
  8 orc priests
  3 bullfrog skeletons
  Terence (D:2)
  4 iguanas
  5 orc wizards
  4 human skeletons (D:6)
  10 worker ants
  2 big kobold zombies (Ossuary)
  8 mummies (Ossuary)
  3 hound zombies
  2 hound skeletons
  15 gnolls
  8 adders
  A shadow imp (D:9)
  5 worms
  5 leopard geckos
  57 orcs
  A bat (D:3)
  9 giant cockroaches
  A gnoll zombie (Ossuary)
  7 goblins
  9 hobgoblins
  18 jackals
  3 quokkas
  5 ball pythons
  4 frilled lizards
  2 hobgoblin zombies (Ossuary)
  A jackal skeleton (D:6)
  17 kobolds
  A kobold zombie (Ossuary)
  An orc skeleton (D:6)
  3 orc zombies
  9 rats
303 creatures vanquished.

Vanquished Creatures (others)
  6 fungi (D:10)
  14 withered plants (Gauntlet)
20 creatures vanquished.

Grand Total: 323 creatures vanquished

Notes
Turn   | Place    | Note
-------+----------+-------------------------------------------
     0 | D:1      | Esekla the Octopode Air Elementalist began the quest for
                  | the Orb.
     0 | D:1      | Reached XP level 1. HP: 11/11 MP: 3/3
   492 | D:1      | Reached XP level 2. HP: 14/18 MP: 1/5
   496 | D:1      | Learned a level 2 spell: Swiftness
  1103 | D:2      | Noticed Terence
  1122 | D:2      | Killed Terence
  1122 | D:2      | Reached XP level 3. HP: 4/22 MP: 0/6
  1421 | D:2      | Found an opulent altar of Gozag.
  1454 | D:2      | Became a worshipper of Gozag Ym Sagoz the Greedy
  1527 | D:2      | Reached skill level 1 in Charms
  1823 | D:2      | Noticed Robin
  1875 | D:1      | Reached XP level 4. HP: 18/27 MP: 7/7
  1883 | D:1      | Learned a level 4 spell: Airstrike
  2132 | D:2      | Reached skill level 1 in Fighting
  2646 | D:3      | Reached XP level 5. HP: 16/34 MP: 6/8
  3338 | D:3      | Found a glowing silver altar of Zin.
  3342 | D:3      | Found a radiant altar of Vehumet.
  3342 | D:3      | Found a white marble altar of Elyvilon.
  3671 | D:4      | Found a large runed translucent door.
  3671 | D:4      | Found a large runed translucent door.
  3704 | D:4      | Noticed a two-headed ogre
  3710 | D:4      | Found a large runed translucent door.
  3710 | D:4      | Found a large runed translucent door.
  3829 | D:4      | Reached XP level 6. HP: 20/39 MP: 5/10
  3836 | D:4      | Learned a level 3 spell: Static Discharge
  4001 | D:4      | Found a staircase to the Ecumenical Temple.
  4323 | D:4      | Reached skill level 1 in Short Blades
  4339 | D:4      | Noticed an eye of draining
  4347 | D:4      | Killed an eye of draining
  4668 | D:4      | Noticed a seven-headed hydra
  4906 | D:5      | Entered Level 5 of the Dungeon
  4921 | D:5      | Reached XP level 7. HP: 35/45 MP: 8/11
  4930 | D:5      | Noticed Prince Ribbit
  5070 | Temple   | Entered the Ecumenical Temple
  6009 | D:5      | Noticed Blork the orc
  6175 | D:5      | Noticed Sigmund
  6347 | D:5      | Reached skill level 5 in Stealth
  6347 | D:5      | Reached XP level 8. HP: 52/52 MP: 10/13
  6435 | D:6      | Killed Blork the orc
  6489 | D:6      | HP: 2/52 [bullfrog (7)]
  6572 | D:6      | Found a sand-covered staircase.
  6635 | Ossuary  | Entered an ossuary
  8061 | D:6      | Reached skill level 1 in Throwing
  8084 | D:6      | Reached XP level 9. HP: 33/58 MP: 13/15
  8328 | D:5      | Killed Prince Ribbit
  8328 | D:5      | Reached skill level 1 in Long Blades
  8488 | D:5      | Bought a +4 ring of protection for 468 gold pieces
  8553 | D:5      | Killed Sigmund
  8573 | D:5      | Reached skill level 2 in Long Blades
  8807 | D:5      | Bought the ring of Qely {*Drain rElec Str+5 Stlth-} for 343
                  | gold pieces
  8896 | D:6      | Found a blossoming altar of Fedhas.
  9004 | D:6      | Reached skill level 5 in Fighting
  9146 | D:6      | Reached skill level 3 in Long Blades
  9573 | D:7      | Found a shimmering blue altar of Sif Muna.
  9590 | D:7      | Reached skill level 5 in Spellcasting
  9752 | D:7      | Reached skill level 4 in Long Blades
  9787 | D:7      | Found a shadowy altar of Dithmenos.
  9908 | D:6      | Reached skill level 5 in Conjurations
  9908 | D:6      | Reached XP level 10. HP: 25/66 MP: 13/18
 10415 | D:7      | Found Liry's Magic Scroll Shop.
 11842 | D:8      | Reached skill level 5 in Long Blades
 12012 | D:8      | Reached skill level 5 in Dodging
 12015 | D:8      | Noticed a manticore
 12038 | D:8      | Killed a manticore
 12912 | D:9      | Reached skill level 6 in Long Blades
 13167 | D:9      | Reached skill level 1 in Shields
 13528 | D:10     | Entered Level 10 of the Dungeon
 13933 | D:10     | Found a staircase to the Orcish Mines.
 14161 | D:11     | Noticed a cyclops
 14178 | D:11     | Found a gate leading to a gauntlet.
 14235 | D:11     | Bought a +4 ring of protection for 360 gold pieces
 14243 | D:11     | Bought an uncursed ring of poison resistance for 200 gold
                  | pieces
 14246 | Gauntlet | Entered a Gauntlet
 14246 | Gauntlet | Found a transporter.
 14246 | Gauntlet | Found a transporter.
 14246 | Gauntlet | Found a transporter.
 14353 | Gauntlet | Found a transporter.
 14389 | Gauntlet | Found a transporter.
 14392 | Gauntlet | Found a transporter.
 14414 | Gauntlet | Found a transporter.
 14426 | Gauntlet | Noticed a necromancer
 14428 | Gauntlet | Found a runed translucent door.
 14429 | Gauntlet | Found a transporter.
 14430 | Gauntlet | Found a runed translucent door.
 14430 | Gauntlet | Noticed a death yak
 14431 | Gauntlet | Noticed a death yak
 14431 | Gauntlet | Noticed a death yak
 14432 | Gauntlet | Found a transporter.
 14432 | Gauntlet | Noticed a death yak
 14435 | Gauntlet | Found a transporter.
 14478 | Gauntlet | Found a transporter.
 14481 | Gauntlet | Found a transporter.
 14481 | Gauntlet | Noticed a shining eye
 14517 | Gauntlet | Gained mutation: You occasionally shout uncontrollably at
                  | your foes. [a shining eye]
 14520 | Gauntlet | Killed a shining eye
 14520 | Gauntlet | Reached skill level 7 in Long Blades
 14520 | Gauntlet | Reached XP level 11. HP: 72/72 MP: 18/20
 14536 | Gauntlet | Learned a level 3 spell: Vampiric Draining
 14789 | Gauntlet | Killed a necromancer
 14799 | Gauntlet | Killed a death yak
 14799 | Gauntlet | Reached skill level 8 in Long Blades
 14799 | Gauntlet | Reached skill level 1 in Necromancy
 14811 | Gauntlet | Slain by a death yak

Illustrated notes

Levels and vault maps discovered:
D:1:      tarquinn_simple_flora_water_e, layout_loops_ring
D:2:      layout_rooms, first_ration,
          nicolae_gozag_cash_rules_everything_around_me, uniq_robin,
          uniq_terence
D:3:      layout_loops_ring, gammafunk_temple_overflow_forgotten
D:4:      corexii_shack_village, layout_loops_ring,
          minmay_temple_entry_purple_smoke, portal_sewer_entry_e,
          minmay_hollow_rounded_squares
D:5:      layout_cave_pools, uniq_sigmund, uniq_blork_the_orc,
          uniq_prince_ribbit1
D:6:      cheibrodos_thug_alley, layout_basic, nicolae_ossuary_entry_catacombs,
          fedhas_altar_3
D:7:      layout_rooms, lemuel_doored_altar, basic_altar, serial_shops, shop
D:8:      layout_layer_cave
D:9:      layout_basic, the_bakery
D:10:     layout_loops_cross, due_lair_maze_entry_diamond, hiddenorc2_lemuel,
          kennysheep_generic_room_14
D:11:     layout_roguey, gauntlet_entry_generic
Temple:   regret_index_temple_mists
Gauntlet: minmay_gauntlet_mixed_big_or_small [nicolae_gauntlet_arena_t_cross,
          minmay_gauntlet_arena_77_p_blocks, gammafunk_gauntlet_arena_grid,
          minmay_gauntlet_arena_77_block_sizes,
          gammafunk_gauntlet_arena_arrow_garden,
          minmay_gauntlet_arena_77_cramped, gauntlet_exit_green]

Skill      XL: |  1  2  3  4  5  6  7  8  9 10 11 |
---------------+----------------------------------+-----
Stealth        | 3 4 5 6 |  6.4
Charms         | 1 2 3 4 |  4.2
Fighting       | 1 2 3 4 5 |  5.8
Conjurations   | 2 3 4 5 |  5.5
Short Blades   | 1 2 3 |  3.2
Dodging        | 3 4 5 |  5.9
Spellcasting   | 3 4 5 6 |  6.5
Air Magic      | 4 |  4.8
Throwing       | 1 2 |  2.3
Long Blades    | 4 7 8 |  8.0
Shields        | 2 3 |  3.2
Necromancy     | 1 |  1.0

Action                   |  1- 3 |  4- 6 |  7- 9 | 10-12 || total
-------------------------+-------+-------+-------+-------++-------
Melee: Unarmed           |     4 |       |       |       ||     4
       Constrict         |     9 |    27 |    81 |    52 ||   169
       Short sword       |    33 |    92 |   129 |     9 ||   263
       Tentacles         |     3 |    13 |    54 |    43 ||   113
       Falchion          |       |       |    15 |       ||    15
       Scimitar          |       |       |   104 |   186 ||   290
Throw: Dart              |       |     3 |    26 |     9 ||    38
 Cast: Shock             |    29 |    40 |   119 |    37 ||   225
       Airstrike         |       |       |     1 |    13 ||    14
       Static Discharge  |       |       |     3 |     7 ||    10
       Vampiric Draining |       |       |       |     6 ||     6
Invok: Call Merchant     |       |       |     1 |     1 ||     2
  Use: Potion            |       |     1 |     5 |     7 ||    13
       Scroll            |       |     7 |     7 |    13 ||    27
 Stab: Sleeping          |     1 |    13 |    18 |     8 ||    40
       Distracted        |     1 |       |     2 |     3 ||     6
  Eat: Ration            |     1 |     3 |     4 |     6 ||    14
       Chunk             |     1 |       |       |       ||     1
Armor: Skin              |     6 |     6 |    30 |    42 ||    84
Dodge: Dodged            |    34 |    57 |   203 |   143 ||   437
Block: Other             |       |       |     8 |    50 ||    58
       Reflection        |       |       |     1 |     2 ||     3
       Rpst.: Falchion   |       |       |     3 |       ||     3
       Scimitar          |       |       |    33 |    38 ||    71
